Map: Thunderbird LE

Players

SpeCial

  • Race: Terran Terran
  • Spawn Location: 5:00

Nerchio - Winner!

  • Race: Zerg Zerg
  • Spawn Location: 11:00

Event: 2019 WCS Summer

VOD

Have the link to the VOD?

Description

Time

  • Played on: July 12, 2019, 3:18 p.m.
  • Length: 21:28

All games in this series

Show
View Real Time Build Order
Export as new Build Order

SpeCial Terran 

Build Orders: Reaper Expand 

Get SALT Encoding   

  12  0:00  SCV  
  13  0:13  SCV  
  14  0:17  Supply Depot  
  14  0:25  SCV  
  15  0:39  SCV  
  15  0:40  Barracks  
  16  0:44  Refinery  
  16  0:51  SCV  
  17  1:03  SCV  
  18  1:15  SCV  
  19  1:28  Orbital Command, Reaper  
  20  1:40  Command Center  
  20  1:49  Supply Depot  
  20  1:53  SCV  
  21  2:00  Marine  
  22  2:06  Factory  
  22  2:09  SCV  
  23  2:21  Barracks Reactor, SCV  
  24  2:33  SCV  
  25  2:43  Command Center  
  25  2:45  SCV  
  26  2:52  Orbital Command  
  26  2:57  SCV  
  27  3:02  Starport  
  27  3:09  SCV  
  27  3:10  Refinery  
  28  3:13  Hellion  
  28  3:17  Hellion  
  32  3:20  Marine  
  32  3:24  SCV x2  
  35  3:36  SCV x2  
  35  3:37  Hellion  
  35  3:39  Hellion  
  41  3:41  Viking  
  41  3:43  Barracks Tech Lab  
  44  3:48  SCV x2  
  44  3:55  Supply Depot  
  45  3:57  Orbital Command  
  45  3:59  Orbital Command  
  45  4:00  SCV x2  
  47  4:02  Marine  
  47  4:08  Hellion  
  45  4:10  Hellion  
  45  4:16  SCV  
  40  4:18  Stimpack  
  40  4:20  Marine  
  40  4:25  SCV  
  40  4:26  SCV  
  40  4:28  SCV  
  43  4:36  Hellion  
  43  4:37  SCV  
  46  4:42  Marine, SCV  
  46  4:43  SCV  
  47  4:49  SCV  
  45  4:54  SCV  
  45  4:55  SCV  
  47  5:00  Marine  
  47  5:01  SCV  
  47  5:06  SCV  
  47  5:07  Factory Tech Lab, SCV  
  50  5:11  Barracks  
  50  5:12  Starport Reactor  
  50  5:13  Barracks, SCV  
  52  5:18  SCV  
  52  5:19  SCV  
  54  5:25  Siege Tank, SCV  
  54  5:26  Marine, Supply Depot  
  59  5:30  SCV  
  59  5:31  SCV  
  61  5:37  Engineering Bay  
  61  5:43  Supply Depot  
  61  5:45  Refinery x2  
  61  5:48  Orbital Command, Marine, SCV x2  
  65  5:50  Engineering Bay  
  64  5:59  Siege Tank, Starport Reactor  
  64  6:00  SCV x2  
  69  6:08  Marine x3  
  69  6:09  Marine x2  
  74  6:12  SCV  
  74  6:15  Barracks, SCV x2  
  74  6:16  Barracks  
  77  6:20  Terran Infantry Weapons Level 1, Terran Infantry Armor Level 1  
  77  6:25  Supply Depot  
  77  6:28  Supply Depot  
  77  6:31  Marine x5  
  77  6:32  SCV x3  
  85  6:44  Combat Shield  
  85  6:47  Siege Tank, SCV x3, Medivac  
  85  6:49  Marine  
  85  6:50  Supply Depot, Medivac  
  85  6:52  Marine x2  
  98  6:55  Supply Depot  
  98  6:59  Marine x2, SCV  
  101  7:04  Barracks Reactor x2  
  101  7:07  Supply Depot  
  101  7:11  Marine x2, SCV x3  
  101  7:14  Marine  
  106  7:16  Marine  
  106  7:17  Medivac  
  106  7:19  Medivac  
  106  7:20  Supply Depot  
  106  7:22  Supply Depot  
  111  7:23  Marine, SCV x3  
  111  7:29  Marine x2  
  117  7:31  Missile Turret x2  
  117  7:32  Marine, Missile Turret  
  117  7:35  SCV x2  
  120  7:39  Marine  
  120  7:41  Marine  
  120  7:43  SCV  
  123  7:48  Marine, Armory  
  122  7:59  Command Center, Medivac x2  
  122  8:01  Siege Tank, Marine x3  
  122  8:02  Marine  
  122  8:03  Marine  
  134  8:05  Marine  
  133  8:13  Marine  
  133  8:19  Marine  
  136  8:21  Barracks Reactor  
  136  8:24  Missile Turret  
  136  8:25  Marine x2  
  136  8:26  Marine x3  
  139  8:29  Supply Depot  
  139  8:31  Marine  
  139  8:32  SCV  
  138  8:35  Supply Depot  
  138  8:36  Terran Infantry Weapons Level 2, Terran Infantry Armor Level 2  
  138  8:37  Marine  
  139  8:43  Marine x2  
  139  8:47  Supply Depot  
  139  8:48  Supply Depot  
  141  8:49  Marine x3  
  141  8:54  Siege Tank  
  130  9:00  Marine x2  
  130  9:01  Medivac x2  
  130  9:02  Drilling Claws  
  132  9:06  Marine x4  
  132  9:07  Marine  
  132  9:08  Marine  
  138  9:10  Marine  
  139  9:17  Marine x2, SCV  
  139  9:18  SCV x2  
  139  9:21  Refinery, Factory  
  139  9:23  Marine  
  139  9:24  Marine x3  
  145  9:25  Supply Depot  
  145  9:28  Siege Tank  
  145  9:31  Medivac  
  153  9:32  Marine x2  
  153  9:33  Marine  
  153  9:36  Marine  
  157  9:39  SCV  
  157  9:41  SCV  
  157  9:42  Marauder  
  161  9:49  Marine x4  
  161  9:50  Marine x2  
  161  9:52  Marine, Planetary Fortress  
  164  9:53  SCV x2  
  164  9:54  SCV  
  167  10:04  Marauder  
  167  10:05  SCV  
  167  10:06  SCV  
  171  10:08  Medivac x2  
  171  10:14  Barracks  
  169  10:15  Barracks  
  169  10:16  Barracks  
  168  10:21  Marine x3  
  168  10:23  Missile Turret  
  168  10:25  Marauder, SCV x2  
  168  10:28  Marine x3  
  177  10:34  Marine  
  176  10:36  SCV  
  176  10:37  SCV, Medivac  
  176  10:38  Factory Reactor, Medivac  
  176  10:39  Refinery  
  176  10:40  Refinery  
  176  10:41  Widow Mine  
  184  10:46  Marauder, Marine  
  184  10:47  Marine  
  184  10:48  Command Center  
  188  10:59  Marine  
  188  11:02  Marine x3  
  188  11:03  Marine x2  
  188  11:04  Marine  
  187  11:05  Marine, Widow Mine  
  187  11:07  Medivac  
  187  11:08  Marauder, SCV  
  187  11:11  Barracks Tech Lab x2  
  196  11:12  Barracks Reactor  
  196  11:15  Supply Depot  
  196  11:20  Liberator  
  196  11:31  SCV  
  196  11:32  Marine x4  
  196  11:33  Marine  
  196  11:34  Marine x2  
  196  11:35  Medivac  
  196  11:36  Marauder x3  
  196  11:38  Terran Infantry Weapons Level 3  
  200  11:43  Marine  
  199  11:48  Liberator  
  199  11:49  Supply Depot  
  199  11:50  Marine  
  190  12:03  Marine  
  190  12:04  Marauder  
  190  12:05  Widow Mine x2  
  190  12:06  Thor  
  164  12:14  Marauder, Marine x2  
  153  12:17  Marauder, Marine x5  
  153  12:20  Medivac  
  153  12:21  Concussive Shells  
  153  12:22  Marine x3  
  160  12:25  Marauder  
  160  12:26  Widow Mine x2  
  165  12:32  Marine x2, SCV x3  
  165  12:33  Terran Infantry Armor Level 3  
  165  12:34  Marine  
  165  12:35  Marine x3  
  165  12:36  Marauder  
  176  12:38  Marauder, Command Center  
  177  12:44  SCV x2  
  177  12:46  Marauder  
  177  12:47  Marine  
  177  12:48  Widow Mine x2, Medivac  
  187  12:53  Marine  
  187  12:54  Marine  
  187  12:57  Marauder  
  188  13:00  Marauder  
  188  13:05  Marine x2  
  166  13:06  Marine  
  166  13:08  Marauder, Marine x3  
  166  13:10  Marine  
  166  13:11  Marine, Widow Mine x2  
  174  13:15  Marine, Planetary Fortress  
  174  13:16  SCV x3  
  174  13:18  Marine, Widow Mine  
  174  13:19  Marauder  
  183  13:21  Marauder  
  183  13:25  Medivac x2  
  189  13:28  Marine  
  189  13:29  Marauder  
  189  13:32  Widow Mine  
  189  13:33  Widow Mine  
  193  13:34  Marine  
  193  13:39  Widow Mine  
  193  13:40  Marauder  
  198  13:43  Marauder  
  198  13:48  Missile Turret x2, Starport  
  200  13:50  Starport  
  200  13:58  Marauder, Marine  
  200  14:02  Fusion Core  
  200  14:04  Refinery  
  200  14:06  Refinery  
  200  14:15  Command Center, Medivac x2  
  198  14:18  Widow Mine  
  164  14:32  Marine  
  164  14:33  Marine x4  
  164  14:35  Medivac  
  164  14:36  Marauder, Marine  
  164  14:37  Marine x2  
  160  14:39  Marine  
  160  14:41  Widow Mine x2  
  160  14:44  Marine x2  
  158  14:47  Marine, Widow Mine  
  158  14:50  Marine x3  
  158  14:51  Marine x2, Liberator x2  
  164  14:54  Marine, SCV x3, Planetary Fortress  
  164  14:55  Marine x2  
  168  15:01  Starport Tech Lab  
  168  15:02  Marauder, Marine, Widow Mine  
  168  15:06  SCV  
  172  15:09  Starport Reactor  
  172  15:12  Ghost Academy, Marine  
  172  15:13  Marauder, Command Center  
  181  15:14  Marine  
  181  15:16  Marine  
  181  15:19  Viking  
  185  15:23  Sensor Tower  
  185  15:28  Marine x2  
  187  15:36  Marine  
  182  15:45  Terran Vehicle And Ship Armor Level 1, Armory  
  182  15:48  Missile Turret x2  
  182  15:49  Viking, Marine x2  
  174  15:50  Marine, Refinery  
  174  15:51  Viking x2  
  174  15:53  Viking x2  
  185  15:58  Advanced Ballistics  
  185  16:00  Marine  
  185  16:03  Command Center  
  185  16:04  Orbital Command, Liberator  
  184  16:05  Liberator  
  184  16:06  Liberator  
  182  16:19  Viking  
  182  16:21  Viking  
  182  16:23  Widow Mine x2  
  197  16:27  Refinery  
  197  16:30  Orbital Command  
  197  16:31  Liberator  
  197  16:32  Ghost Academy  
  189  16:33  Liberator  
  189  16:39  Marine  
  178  16:41  Marine  
  178  16:43  Marine  
  178  16:46  Marine, Widow Mine  
  178  16:47  Marauder, Widow Mine  
  184  16:50  Widow Mine  
  184  16:53  Ghost  
  193  16:54  Marauder  
  193  16:58  Sensor Tower  
  193  16:59  Personal Cloaking, Command Center  
  193  17:04  Medivac  
  193  17:05  Refinery, Medivac  
  193  17:06  Medivac  
  193  17:07  Ghost  
  193  17:08  Widow Mine  
  200  17:17  Command Center  
  200  17:18  Missile Turret  
  200  17:19  Command Center  
  200  17:23  Nuke  
  200  17:28  Terran Ship Weapons Level 1  
  198  17:31  Medivac  
  199  17:45  Medivac  
  199  17:50  Medivac  
  197  17:55  Medivac  
  199  18:05  Medivac  
  198  18:07  Ghost  
  200  18:17  Ghost x2  
  200  18:18  Marine  
  200  18:19  Widow Mine  
  165  18:21  Marine  
  165  18:22  Marine  
  165  18:24  Marine  
  165  18:25  Marine, Nuke  
  166  18:29  Marine  
  166  18:31  Widow Mine x2  
  166  18:33  Marine  
  172  18:34  Orbital Command  
  172  18:36  Marauder  
  172  18:38  Liberator x3  
  172  18:41  Marine x2  
  175  18:46  Marauder x2  
  173  18:51  Marine x2  
  178  18:58  Orbital Command x2, Marauder  
  178  19:02  Widow Mine  
  188  19:08  Marauder x2  
  192  19:12  Marine  
  192  19:14  Marine  
  194  19:17  Marine  
  194  19:19  Marauder  
  194  19:20  Marine  
  194  19:23  Liberator  
  198  19:26  Widow Mine  
  198  19:29  Marauder  
  200  19:49  Marauder  
  199  19:53  Missile Turret  
  199  20:01  Hi-Sec Auto Tracking  
  199  20:04  Marine  
  200  20:10  Viking x2  
  200  20:13  Marine  
  200  20:14  Marauder  
  191  20:20  Widow Mine  
  154  20:22  Marauder, Marine x3  
  154  20:23  Marauder, Marine x6  
  134  20:30  Widow Mine  
  134  20:31  Marine  
  134  20:34  Marine  
  128  20:36  Command Center  
  128  20:39  Marine  
  128  20:40  Marine x6  
  128  20:41  Marine x2  
  133  20:44  Marauder x2  
  133  20:47  Widow Mine  
  133  20:49  Marine  
  140  20:53  Marauder  
  139  20:57  Marine x2  
  139  20:58  Marine x3  
  139  21:00  Marine  
  139  21:03  Marine  
  145  21:05  Marauder  
  145  21:06  Marauder  
Show
View Real Time Build Order
Export as new Build Order

Nerchio Zerg - Winner!

Build Orders: Hatch First, Muta Ling Bane 

Get SALT Encoding   

  12  0:00  Drone  
  13  0:12  Overlord  
  13  0:16  Drone  
  14  0:30  Drone x2  
  16  0:47  Hatchery  
  15  0:51  Drone  
  15  0:54  Drone  
  17  0:57  Drone  
  18  1:05  Extractor  
  17  1:13  Spawning Pool  
  17  1:17  Drone  
  17  1:20  Drone  
  18  1:28  Drone  
  19  1:38  Overlord  
  19  1:49  Drone  
  20  1:59  Queen  
  20  2:00  Queen  
  20  2:01  Zergling x2  
  25  2:02  Zergling x2  
  25  2:08  Metabolic Boost  
  26  2:14  Drone x2  
  28  2:17  Extractor  
  28  2:21  Drone  
  28  2:22  Drone  
  30  2:36  Extractor  
  29  2:41  Hatchery  
  29  2:44  Zergling x4  
  31  2:51  Overlord  
  31  2:53  Zergling x4  
  33  2:59  Queen  
  35  3:13  Zergling x10  
  40  3:25  Drone x4  
  44  3:40  Overlord  
  44  3:53  Queen  
  46  3:57  Zergling x2  
  46  3:58  Zergling x6  
  50  4:09  Queen x2  
  54  4:12  Drone  
  54  4:13  Drone x3  
  57  4:19  Overlord  
  57  4:29  Evolution Chamber  
  57  4:30  Overlord  
  56  4:33  Overlord x3  
  54  4:40  Drone x5  
  54  4:44  Drone  
  53  4:46  Drone x2  
  55  4:53  Drone, Lair  
  55  4:55  Drone x2  
  58  5:02  Spore Crawler  
  58  5:03  Drone  
  58  5:05  Drone x3  
  58  5:06  Drone x2, Extractor  
  62  5:16  Drone x2  
  62  5:17  Drone  
  62  5:18  Baneling Nest  
  64  5:24  Extractor  
  64  5:26  Drone  
  64  5:27  Drone x5  
  69  5:28  Drone x2  
  69  5:31  Drone  
  69  5:33  Extractor  
  69  5:34  Extractor  
  69  5:35  Drone x3  
  73  5:39  Overlord  
  73  5:41  Drone x2, Extractor  
  74  5:50  Overlord  
  74  5:54  Spore Crawler x2  
  74  5:55  Drone x2  
  74  5:56  Drone, Spire  
  73  5:57  Drone  
  73  5:58  Drone  
  73  6:01  Drone  
  73  6:03  Drone x2  
  78  6:05  Drone  
  78  6:09  Zerg Melee Weapons Level 1  
  79  6:15  Drone x3  
  82  6:27  Zergling x2  
  82  6:28  Zergling x10  
  82  6:31  Hatchery  
  86  6:41  Zergling x4  
  88  6:48  Centrifical Hooks  
  88  6:52  Overlord x2  
  88  7:08  Zerg Flyer Weapons Level 1  
  88  7:12  Mutalisk  
  88  7:13  Mutalisk x8  
  105  7:18  Zergling x14  
  105  7:22  Zergling x4  
  114  7:24  Overlord x2  
  114  7:26  Baneling x5  
  114  7:27  Baneling x2  
  114  7:36  Hatchery  
  112  7:42  Zergling x2, Evolution Chamber  
  112  7:43  Zergling x10  
  117  7:44  Baneling  
  117  7:45  Baneling x12  
  117  7:48  Zergling x6  
  120  7:54  Zergling x10  
  125  8:03  Zergling x14  
  130  8:06  Zergling x4  
  132  8:13  Mutalisk  
  132  8:15  Overlord  
  132  8:16  Overlord x2  
  134  8:25  Zerg Ground Armor Level 1, Zerg Melee Weapons Level 2  
  133  8:36  Drone x2  
  133  8:37  Drone x8  
  133  8:38  Drone  
  133  8:41  Drone  
  145  8:55  Drone x9  
  125  9:01  Extractor  
  125  9:02  Extractor  
  127  9:03  Zergling x6  
  127  9:07  Zergling x8  
  127  9:08  Baneling x5  
  133  9:13  Zergling x4  
  135  9:18  Zergling x2  
  135  9:19  Zergling x12  
  142  9:24  Zergling x2  
  142  9:25  Zergling x2  
  142  9:27  Baneling x4  
  142  9:30  Zerg Flyer Weapons Level 2  
  144  9:33  Infestation Pit  
  142  9:41  Mutalisk x7  
  155  9:53  Hatchery  
  155  9:56  Overlord x2  
  155  9:59  Overlord x3  
  154  10:10  Zergling x12  
  157  10:15  Zergling x20  
  164  10:23  Zergling x8  
  167  10:37  Hive  
  167  10:38  Zergling x16, Hatchery  
  167  10:42  Baneling x2  
  174  10:43  Baneling x11  
  174  10:47  Zergling x2  
  174  10:48  Zergling x8  
  179  11:02  Zergling x2  
  179  11:03  Zergling x14  
  187  11:14  Zergling x18  
  187  11:17  Zergling x6  
  195  11:34  Zergling x2  
  195  11:35  Zergling x10  
  189  11:42  Zergling x2  
  189  11:43  Zergling x22  
  191  11:48  Zerg Ground Armor Level 2  
  191  11:49  Zerg Melee Weapons Level 3  
  191  11:50  Adrenal Glands  
  191  12:00  Zergling x2  
  191  12:01  Zergling x14  
  185  12:08  Zergling x14  
  153  12:13  Drone x2  
  146  12:19  Overseer x2, Queen  
  142  12:29  Corruptor x8  
  158  12:40  Baneling x20  
  158  12:41  Baneling  
  158  12:48  Zergling x12  
  155  13:03  Zergling x24  
  152  13:10  Drone x3  
  151  13:20  Baneling x5  
  151  13:21  Baneling x2  
  149  13:33  Greater Spire  
  149  13:34  Zergling x12  
  149  13:35  Zergling x14  
  149  13:38  Baneling x11  
  149  13:41  Overseer x2  
  159  13:53  Overseer  
  156  13:56  Drone x2  
  156  13:57  Drone x2  
  156  13:58  Hatchery  
  156  14:01  Drone x2  
  156  14:02  Drone  
  154  14:05  Drone  
  155  14:13  Baneling x8  
  125  14:32  Zergling x26  
  124  14:45  Zergling x14  
  123  14:58  Baneling x20  
  123  15:10  Drone x9  
  132  15:27  Zergling x16  
  132  15:28  Zergling x4  
  140  15:31  Hatchery  
  136  15:37  Zergling x2  
  136  15:38  Zergling x10  
  142  15:45  Overseer  
  142  15:48  Zergling x12  
  142  15:49  Zergling x2  
  149  15:53  Baneling x10  
  149  15:54  Hatchery  
  148  16:00  Overseer x2  
  148  16:06  Zergling x20  
  153  16:19  Zergling x14  
  153  16:21  Drone x3  
  153  16:22  Drone  
  164  16:28  Baneling x6  
  159  16:36  Zergling x2  
  159  16:37  Zergling x8, Queen  
  156  16:46  Drone x3  
  155  17:06  Overseer  
  155  17:07  Overseer  
  155  17:12  Zergling x30  
  155  17:14  Spore Crawler  
  169  17:30  Zergling x24  
  180  17:38  Zergling x16  
  180  17:43  Zerg Flyer Armor Level 1  
  180  17:44  Zerg Ground Armor Level 3  
  185  17:49  Hatchery  
  182  18:07  Zergling x34  
  182  18:10  Pneumatized Carapace  
  198  18:19  Zergling x2  
  187  18:20  Zergling x16  
  186  18:29  Overlord x2  
  184  18:38  Baneling x4  
  184  18:39  Overlord  
  184  18:41  Corruptor x6  
  196  18:54  Corruptor  
  196  18:55  Corruptor x3  
  200  19:09  Spore Crawler  
  196  19:11  Spine Crawler  
  195  19:20  Baneling x4  
  195  19:21  Baneling x47  
  192  19:32  Hatchery  
  192  19:38  Drone x12  
  162  20:21  Zergling x20  
  162  20:22  Zergling x22  
  162  20:27  Zergling x2  
  164  20:30  Queen x2  
  164  20:31  Queen  
  163  20:43  Zergling x2  
  163  20:44  Zergling x24  
  163  20:48  Baneling x30  
  163  20:49  Zergling x4  
  178  20:53  Ultralisk Cavern  
  178  20:55  Baneling x15  
  178  20:56  Zergling x14  
  182  21:03  Zergling x2  
  182  21:04  Overseer x3  
Tags
 
Add a new tag
Caveats
  • Supply blocks, unpowered buildings, or Contaminate may cause inaccurate times.
  • Supply counts are checked every 10 seconds.